Dernière mise à jour: 2025-12-07 16:11:59
% Time on Ice - SAN JOSE BRONCOS
Lines # - Real PCT - Wanted PCT - Time Play
Normal Forward
1 - 35% - 36% - 17:08
2 - 30% - 31% - 14:36
3 - 24% - 23% - 11:49
4 - 10% - 10% - 4:56
Normal Defense
1 - 34% - 36% - 16:15
2 - 31% - 31% - 15:05
3 - 32% - 23% - 15:17
4 - 4% - 10% - 1:52
PP Forward
1 - 48% - 55% - 3:25
2 - 52% - 45% - 3:44
PP Defense
1 - 55% - 55% - 3:56
2 - 45% - 45% - 3:13
PK Forward
1 - 59% - 55% - 1:25
2 - 41% - 45% - 0:58
PK Defense
1 - 59% - 55% - 1:25
2 - 41% - 45% - 0:58
PK3 Forward
1 - 0% - 55%
2 - 0% - 45%
PK3 Defense
1 - 0% - 55%
2 - 0% - 45%
44 Forward
1 - 61% - 55% - 1:12
2 - 39% - 45% - 0:47
44 Defense
1 - 39% - 55% - 0:47
2 - 61% - 45% - 1:12
Last Minute Offensive  - 0:00
Last Minute Defensive  - 0:00
Total
Forward - 60:00
Defense - 60:00
% Time on Ice - OAKLAND GORILLAS
Lines # - Real PCT - Wanted PCT - Time Play
Normal Forward
1 - 31% - 36% - 15:02
2 - 30% - 31% - 14:28
3 - 29% - 23% - 14:05
4 - 10% - 10% - 4:54
Normal Defense
1 - 30% - 36% - 14:30
2 - 33% - 31% - 16:05
3 - 27% - 23% - 13:04
4 - 10% - 10% - 4:50
PP Forward
1 - 54% - 55% - 1:17
2 - 46% - 45% - 1:06
PP Defense
1 - 63% - 55% - 1:30
2 - 37% - 45% - 0:53
PK Forward
1 - 58% - 55% - 4:07
2 - 42% - 45% - 3:02
PK Defense
1 - 54% - 55% - 3:52
2 - 46% - 45% - 3:17
PK3 Forward
1 - 0% - 55%
2 - 0% - 45%
PK3 Defense
1 - 0% - 55%
2 - 0% - 45%
44 Forward
1 - 64% - 55% - 1:16
2 - 36% - 45% - 0:43
44 Defense
1 - 60% - 55% - 1:11
2 - 40% - 45% - 0:48
Last Minute Offensive  - 0:00
Last Minute Defensive  - 0:00
Total
Forward - 60:00
Defense - 60:00
Play-by-Play 1st period 0:01 of 1st period - Charlie Coyle wins face-off versus Brayden Point in neutral zone. 0:44 of 1st period - Icing by Jesper Bratt. 0:45 of 1st period - Casey Mittelstadt wins face-off versus Brayden Point in SAN JOSE BRONCOS zone. 1:10 of 1st period - Shot by Casey Mittelstadt. 1:10 of 1st period - Stopped by Semyon Varlamov without a rebound. 1:11 of 1st period - Kevin Stenlund wins face-off versus Connor Dewar in SAN JOSE BRONCOS zone. 1:58 of 1st period - Icing by Ryan Graves. 1:59 of 1st period - Connor Dewar wins face-off versus Roope Hintz in OAKLAND GORILLAS zone. 2:04 of 1st period - Adam Pelech is hit by Ryan Lomberg and loses puck. 2:16 of 1st period - Cole Caufield is hit by Dante Fabbro and loses puck. 2:51 of 1st period - Shot by Noah Hanifin. 2:51 of 1st period - Shot Hit the Post. 2:53 of 1st period - Shot by Barclay Goodrow. 2:53 of 1st period - Goal by Barclay Goodrow - SAN JOSE BRONCOS : 0 - OAKLAND GORILLAS : 1. 2:54 of 1st period - Charlie Coyle wins face-off versus Tyler Motte in neutral zone. 2:58 of 1st period - Minor Penalty to Tyler Motte for Hooking. 2:59 of 1st period - Brayden Point wins face-off versus Charlie Coyle in SAN JOSE BRONCOS zone. 3:22 of 1st period - Shot by Gustav Nyquist. 3:22 of 1st period - Goal by Gustav Nyquist - SAN JOSE BRONCOS : 0 - OAKLAND GORILLAS : 2. 3:23 of 1st period - Michael Eyssimont wins face-off versus Pontus Holmberg in neutral zone. 4:10 of 1st period - Minor Penalty to Tyler Motte for Roughing. 4:11 of 1st period - Brayden Point wins face-off versus Casey Mittelstadt in SAN JOSE BRONCOS zone. 5:36 of 1st period - Shot by Noah Hanifin. 5:36 of 1st period - Stopped by Semyon Varlamov without a rebound. 5:37 of 1st period - Charlie Coyle wins face-off versus Roope Hintz in SAN JOSE BRONCOS zone. 5:54 of 1st period - Shot by Marcus Johansson. 5:54 of 1st period - Stopped by Semyon Varlamov without a rebound. 5:55 of 1st period - Brayden Point wins face-off versus Charlie Coyle in SAN JOSE BRONCOS zone. 6:23 of 1st period - Ryan Graves is hit by Zach Benson and loses puck. 6:34 of 1st period - Shot by Kevin Stenlund. 6:34 of 1st period - Stopped by Joonas Korpisalo without a rebound. 6:35 of 1st period - Casey Mittelstadt wins face-off versus Jesper Bratt in OAKLAND GORILLAS zone. 7:00 of 1st period - Shot by Casey Mittelstadt. 7:00 of 1st period - Stopped by Semyon Varlamov without a rebound. 7:01 of 1st period - Charlie Coyle wins face-off versus Roope Hintz in SAN JOSE BRONCOS zone. 7:04 of 1st period - Shot by Charlie Coyle. 7:04 of 1st period - Shot Misses the Net. 7:21 of 1st period - Shot by Cole Caufield. 7:21 of 1st period - Stopped by Joonas Korpisalo without a rebound. 7:22 of 1st period - Brayden Point wins face-off versus Connor Dewar in OAKLAND GORILLAS zone. 7:22 of 1st period - Brayden Point is hit by Alex Pietrangelo. 7:23 of 1st period - Minor Penalty to Brent Burns for Tripping. 7:24 of 1st period - Charlie Coyle wins face-off versus Clayton Keller in OAKLAND GORILLAS zone. 7:35 of 1st period - Shot by Brayden Point. 7:35 of 1st period - Shot Misses the Net. 7:37 of 1st period - Shot by Thomas Harley. 7:37 of 1st period - Stopped by Joonas Korpisalo without a rebound. 7:38 of 1st period - Charlie Coyle wins face-off versus Roope Hintz in OAKLAND GORILLAS zone. 8:11 of 1st period - Shot by Oliver Bjorkstrand. 8:11 of 1st period - Deflect By Cole Caufield. 8:11 of 1st period - Stopped by Joonas Korpisalo without a rebound. 8:12 of 1st period - Brayden Point wins face-off versus Charlie Coyle in OAKLAND GORILLAS zone. 8:37 of 1st period - Shot by Jesper Bratt. 8:37 of 1st period - Shot Blocked by Alex Pietrangelo. 9:25 of 1st period - Shot by Cole Caufield. 9:25 of 1st period - Stopped by Joonas Korpisalo without a rebound. 9:26 of 1st period - Kevin Stenlund wins face-off versus Connor Dewar in OAKLAND GORILLAS zone. 9:56 of 1st period - Shot by Alex Turcotte. 9:56 of 1st period - Goal by Alex Turcotte - SAN JOSE BRONCOS : 0 - OAKLAND GORILLAS : 3. 9:57 of 1st period - Charlie Coyle wins face-off versus Roope Hintz in neutral zone. 10:20 of 1st period - K'Andre Miller is hit by Gustav Nyquist and loses puck. 10:31 of 1st period - Shot by Roope Hintz. 10:31 of 1st period - Shot Blocked by Noah Hanifin. 10:33 of 1st period - Shot by Cole Caufield. 10:33 of 1st period - Stopped by Joonas Korpisalo without a rebound. 10:34 of 1st period - Casey Mittelstadt wins face-off versus Brayden Point in OAKLAND GORILLAS zone. 11:01 of 1st period - Shot by Brayden Point. 11:01 of 1st period - Stopped by Joonas Korpisalo without a rebound. 11:02 of 1st period - Kevin Stenlund wins face-off versus Alex Turcotte in OAKLAND GORILLAS zone. 12:02 of 1st period - Off-side. 12:03 of 1st period - Charlie Coyle wins face-off versus Brayden Point in neutral zone. 12:10 of 1st period - Shot by Marcus Johansson. 12:10 of 1st period - Shot Misses the Net. 12:12 of 1st period - Shot by Dante Fabbro. 12:12 of 1st period - Shot Blocked by Jaccob Slavin. 12:19 of 1st period - Shot by Charlie Coyle. 12:19 of 1st period - Stopped by Semyon Varlamov without a rebound. 12:20 of 1st period - Casey Mittelstadt wins face-off versus Roope Hintz in SAN JOSE BRONCOS zone. 12:40 of 1st period - Mavrik Bourque is hit by Timothy Liljegren and loses puck. 14:30 of 1st period - Shot by Alex Turcotte. 14:30 of 1st period - Stopped by Semyon Varlamov with a rebound. 15:37 of 1st period - Icing by Timothy Liljegren. 15:38 of 1st period - Casey Mittelstadt wins face-off versus Roope Hintz in SAN JOSE BRONCOS zone. 15:47 of 1st period - Shot by Mavrik Bourque. 15:47 of 1st period - Deflect By Casey Mittelstadt. 15:47 of 1st period - Stopped by Semyon Varlamov without a rebound. 15:48 of 1st period - Casey Mittelstadt wins face-off versus Brayden Point in SAN JOSE BRONCOS zone. 15:48 of 1st period - Casey Mittelstadt is hit by Thomas Harley. 16:00 of 1st period - Shot by Barclay Goodrow. 16:00 of 1st period - Stopped by Semyon Varlamov with a rebound. 16:14 of 1st period - Shot by Brayden Point. 16:14 of 1st period - Shot Misses the Net. 16:16 of 1st period - Shot by Jaccob Slavin. 16:16 of 1st period - Shot Blocked by Dante Fabbro. 16:18 of 1st period - Shot by Jaccob Slavin. 16:18 of 1st period - Stopped by Joonas Korpisalo without a rebound. 16:19 of 1st period - Roope Hintz wins face-off versus Connor Dewar in OAKLAND GORILLAS zone. 16:32 of 1st period - Shot by Roope Hintz. 16:32 of 1st period - Shot Misses the Net. 16:42 of 1st period - Shot by Roope Hintz. 16:42 of 1st period - Stopped by Joonas Korpisalo without a rebound. 16:43 of 1st period - Charlie Coyle wins face-off versus Brayden Point in OAKLAND GORILLAS zone. 17:50 of 1st period - Off-side. 17:51 of 1st period - Barclay Goodrow wins face-off versus Pontus Holmberg in neutral zone. 17:54 of 1st period - Shot by Casey Mittelstadt. 17:54 of 1st period - Shot Misses the Net. 18:12 of 1st period - Shot by Casey Mittelstadt. 18:12 of 1st period - Shot Misses the Net. 18:14 of 1st period - Shot by Mavrik Bourque. 18:14 of 1st period - Stopped by Semyon Varlamov without a rebound. 18:15 of 1st period - Ryan Lomberg wins face-off versus Roope Hintz in SAN JOSE BRONCOS zone. 18:16 of 1st period - Shot by Connor Dewar. 18:16 of 1st period - Shot Misses the Net. 18:18 of 1st period - Shot by Justin Holl. 18:18 of 1st period - Shot Blocked by Adam Pelech. 18:50 of 1st period - Shot by Ryan Lomberg. 18:50 of 1st period - Stopped by Semyon Varlamov without a rebound. 18:51 of 1st period - Brayden Point wins face-off versus Gustav Nyquist in SAN JOSE BRONCOS zone. 18:58 of 1st period - Shot by Brayden Point. 18:58 of 1st period - Stopped by Joonas Korpisalo without a rebound. 18:59 of 1st period - Brayden Point wins face-off versus Charlie Coyle in OAKLAND GORILLAS zone. 19:05 of 1st period - Jesper Bratt is hit by Brent Burns and loses puck. 19:08 of 1st period - Shot by Brayden Point. 19:08 of 1st period - Stopped by Joonas Korpisalo without a rebound. 19:09 of 1st period - Brayden Point wins face-off versus Charlie Coyle in OAKLAND GORILLAS zone. 19:09 of 1st period - Thomas Harley is hit by Brent Burns and loses puck. 19:16 of 1st period - Shot by Marcus Johansson. 19:16 of 1st period - Stopped by Semyon Varlamov without a rebound. 19:17 of 1st period - Brayden Point wins face-off versus Charlie Coyle in SAN JOSE BRONCOS zone. 19:36 of 1st period - Shot by Jesper Bratt. 19:36 of 1st period - Deflect By Clayton Keller. 19:36 of 1st period - Stopped by Joonas Korpisalo without a rebound. 19:37 of 1st period - Roope Hintz wins face-off versus Mavrik Bourque in OAKLAND GORILLAS zone. 19:42 of 1st period - Shot by Roope Hintz. 19:42 of 1st period - Shot Blocked by Noah Hanifin. 19:44 of 1st period - Shot by K'Andre Miller. 19:44 of 1st period - Stopped by Joonas Korpisalo without a rebound. 19:45 of 1st period - Charlie Coyle wins face-off versus Brayden Point in OAKLAND GORILLAS zone. Goals for this period are 0 for SAN JOSE BRONCOS vs 3 for OAKLAND GORILLAS. Shots for this period are 13 for SAN JOSE BRONCOS vs 14 for OAKLAND GORILLAS. 2nd period 0:01 of 2nd period - Roope Hintz wins face-off versus Charlie Coyle in neutral zone. 0:14 of 2nd period - Shot by Cole Caufield. 0:14 of 2nd period - Shot Misses the Net. 0:16 of 2nd period - Shot by Roope Hintz. 0:16 of 2nd period - Stopped by Joonas Korpisalo without a rebound. 0:17 of 2nd period - Brayden Point wins face-off versus Casey Mittelstadt in OAKLAND GORILLAS zone. 0:17 of 2nd period - Brayden Point is hit by Dante Fabbro. 0:29 of 2nd period - Shot by Clayton Keller. 0:29 of 2nd period - Shot Misses the Net. 0:49 of 2nd period - Shot by Noah Hanifin. 0:49 of 2nd period - Shot Misses the Net. 1:27 of 2nd period - Shot by Cole Caufield. 1:27 of 2nd period - Stopped by Joonas Korpisalo without a rebound. 1:28 of 2nd period - Roope Hintz wins face-off versus Connor Dewar in OAKLAND GORILLAS zone. 1:29 of 2nd period - Shot by Cole Caufield. 1:29 of 2nd period - Goal by Cole Caufield - SAN JOSE BRONCOS : 1 - OAKLAND GORILLAS : 3. 1:30 of 2nd period - Roope Hintz wins face-off versus Charlie Coyle in neutral zone. 2:08 of 2nd period - Icing by Tyler Kleven. 2:09 of 2nd period - Kevin Stenlund wins face-off versus Gustav Nyquist in OAKLAND GORILLAS zone. 2:16 of 2nd period - Charlie Coyle is hit by Zach Benson and loses puck. 2:30 of 2nd period - Icing by Alex Pietrangelo. 2:31 of 2nd period - Brayden Point wins face-off versus Marcus Johansson in OAKLAND GORILLAS zone. 3:12 of 2nd period - Casey Mittelstadt is hit by Jesper Bratt